 Dungeon Crawl Stone Soup version 0.30.1-1-g62c8e00024 (webtiles) character file.

Game seed: 16049554941880860932

20253 premas the Basher (level 12, -1/112 HPs)
             Began as a Minotaur Gladiator on July 16, 2023.
             Was a High Priest of Qazlal.
             Slain by an orc knight
             ... wielding a +0 broad axe
              (22 damage)
             ... while paralysed by an orc sorcerer
             ... on level 2 of the Orcish Mines.
             The game lasted 01:13:41 (11495 turns).

premas the Basher (Minotaur Gladiator)             Turns: 11495, Time: 01:13:42

Health: -1/112     AC: 15    Str: 24    XL:     12   Next: 43%
Magic:  12/12      EV:  2    Int:  9    God:    Qazlal [*****.]
Gold:   1247       SH:  0    Dex: 21    Spells: 11/11 levels left

rFire   . . .        y - +11 mace of Jiabana {freeze, Int+5}
rCold   . . .        (no shield)
rNeg    . . .        W - +4 steam dragon scales
rPois   +            c - +0 hat
rElec   .            (no cloak)
rCorr   .            (no gloves)
SInv    .            r - +1 pair of boots of the Tortured Cockroach {Str+3 Dex+3 Slay+3}
Will    .....        w - amulet of magic regeneration
Stlth   +            V - ring of flight
HPRegen 0.38/turn    D - +4 ring of slaying
MPRegen 0.53/turn

%: repel missiles
@: paralysed, protected from physical damage, flying
A: horns 2, retaliatory headbutt, agile 1, poison resistance
a: Renounce Religion, Upheaval, Elemental Force, Disaster Area


You were on level 2 of the Orcish Mines.
You worshipped Qazlal.
Qazlal was extremely pleased with you.
You visited 3 branches of the dungeon, and saw 14 of its levels.

You collected 1307 gold pieces.
You spent 60 gold pieces at shops.

Inventory:

Hand Weapons
 e - a +4 scimitar of freezing
 v - the +6 war axe of Ointment {flame, Will+ Int+2 Dex-3}
   (You found it on level 1 of the Lair of Beasts)

   Int:       It affects your intelligence (+2).
   Dex:       It affects your dexterity (-3).
   Will:      It increases your willpower.
 y - the +11 mace of Jiabana (weapon) {freeze, Int+5}
   (You found it on level 4 of the Dungeon)

   Int:       It affects your intelligence (+5).
 N - the +7 sling of Earthquakes {flame, rF+ Str+2}
   (You found it on level 6 of the Dungeon)

   Str:       It affects your strength (+2).
   rF:        It protects you from fire.
 Z - the +8 short sword "Killer Bee's Regret" {flame, MP+9 Int+3}
   (You found it on level 11 of the Dungeon)

   Int:       It affects your intelligence (+3).
   MP:        It affects your magic capacity (+9).
Missiles
 d - a throwing net (quivered)
Armour
 b - the +1 leather armour "Neapol" {+Blink Regen+}
   (You found it on level 8 of the Dungeon)

   +Blink:    It lets you blink.
   Regen:     It increases your rate of health regeneration.
 c - a +0 hat (worn)
 n - a +2 robe of willpower
 r - the +1 pair of boots of the Tortured Cockroach (worn) {Str+3 Dex+3 Slay+3}
   (You found it on level 2 of the Dungeon)

   Str:       It affects your strength (+3).
   Dex:       It affects your dexterity (+3).
   Slay:      It affects your accuracy & damage with ranged weapons and melee
   (+3).
 W - +4 steam dragon scales (worn)
 X - +0 acid dragon scales
Jewellery
 f - a ring of magical power
 l - a ring of see invisible
 w - an amulet of magic regeneration (around neck)
 D - a +4 ring of slaying (right hand)
 H - a +4 ring of protection
 L - an amulet of guardian spirit
 R - a ring of willpower
 V - a ring of flight (left hand)
 Y - a +5 ring of evasion
Wands
 a - a wand of paralysis (15)
 s - a wand of mindburst (19)
 t - a wand of iceblast (28)
 z - a wand of digging (5)
Scrolls
 g - a scroll of poison {unknown}
 h - 2 scrolls of silence {unknown}
 m - a scroll of magic mapping {unknown}
 o - 3 scrolls of enchant armour
 q - 3 scrolls of blinking {unknown}
 u - a scroll of amnesia {unknown}
 x - 2 scrolls of torment
 B - a scroll of noise {unknown}
 I - 3 scrolls of fog
 K - a scroll of identify
 M - a scroll of fear {unknown}
 O - 3 scrolls of immolation {unknown}
 P - a scroll of vulnerability {unknown}
 Q - 3 scrolls of teleportation {unknown}
Potions
 j - 2 potions of mutation
 k - 4 potions of ambrosia
 p - 7 potions of attraction
 A - 2 potions of flight
 C - a potion of degeneration
 E - a potion of invisibility {unknown}
 F - 2 potions of resistance {unknown}
 G - 4 potions of heal wounds {unknown}
 J - 4 potions of magic {unknown}
 S - a potion of cancellation {unknown}
 T - a potion of might {unknown}
Miscellaneous
 i - a piece from Xom's chessboard (15/15)


   Skills:
 + Level 12.2 Fighting
 + Level 8.3(12.6) Axes
 + Level 14.9(15.7) Maces & Flails
 + Level 2.6 Throwing
 + Level 6.1 Armour
 + Level 8.6 Dodging
 + Level 4.0 Stealth
 + Level 6.1 Shields
 + Level 2.1 Invocations


You had 11 spell levels left.
You didn't know any spells.
Your spell library contained the following spells:

 Spells                   Type           Power      Damage    Failure   Level
 Magic Dart               Conj           0%         1d3       38%         1
 Shock                    Conj/Air       0%         1d3       38%         1
 Sting                    Tmut/Pois      0%         1d3       38%         1
 Call Imp                 Summ           0%         N/A       52%         2
 Ensorcelled Hibernation  Hex/Ice        0%         N/A       52%         2
 Passwall                 Tmut/Erth      0%         N/A       52%         2
 Poisonous Vapours        Pois/Air       0%         N/A       52%         2
 Gell's Gravitas          Tloc           0%         N/A       77%         3
 Mephitic Cloud           Conj/Pois/Air  0%         N/A       77%         3
 Swiftness                Air            0%         N/A       77%         3
 Teleport Other           Tloc           0%         N/A       77%         3
 Airstrike                Air            0%         2d(0-16)  99%         4
 Animate Dead             Necr           0%         N/A       99%         4
 Olgreb's Toxic Radiance  Pois           0%         N/A       99%         4
 Borgnjor's Vile Clutch   Necr/Erth      0%         N/A       100%        5
 Freezing Cloud           Conj/Ice/Air   0%         6-21      100%        5
 Death Channel            Necr           0%         N/A       100%        6
 Dispersal                Tloc           0%         N/A       100%        6


Dungeon Overview and Level Annotations

Branches:
Dungeon (11/15)            Temple (0/1) D:5            Lair (1/5) D:11
    Orc (2/2) D:11
    Elf: Orc:2

Altars:
Elyvilon
Okawaru
Qazlal

Shops:
D:1 *   D:7 *


Innate Abilities, Weirdness & Mutations

You have a pair of horns on your head.
You reflexively headbutt those who attack you in melee.
You are agile. (Dex +4, Str/Int -1)
Your system is resistant to poisons. (rPois)


Message History

The orange demon stings you but does no damage.
You bludgeon something!! You freeze something. Qazlal accepts your kill.
Reactivating autopickup.
You feel a bit more experienced.
An orc warrior comes into view. It is wielding a +0 war axe.
The orc sorcerer casts a spell at you.
You suddenly lose the ability to move!
The orc warrior hits you with a +0 long sword!
The orc high priest mumbles some strange prayers to Beogh against you.
Pain shoots through your body! The orange demon stings you from afar.
The orange demon stings you but does no damage.
You hear a shout!
The orc wizard hits you but does no damage.
The orc sorcerer is engulfed in blazing flames.
The orc sorcerer hits you but does no damage.
The orc warrior hits you with a +0 long sword!
You feel more protected from physical attacks.
The orc knight is engulfed in blazing flames.
The orc knight roars a battlecry!
An orc knight comes into view. It is wielding a +0 great sword.
The orc high priest calls down the wrath of Beogh upon you.
Pain shoots through your body!
* * * LOW HITPOINT WARNING * * *
An orc sorcerer comes into view.
It is wielding a +0 dagger and wearing a +1 robe of cold resistance.
The orange demon stings you but does no damage.
The orange demon stings you from afar.
* * * LOW HITPOINT WARNING * * *
The orc wizard is engulfed in a thunderstorm.
You kill the orc wizard!
Qazlal accepts your kill.
The orc sorcerer gestures wildly while chanting.
The orc sorcerer is engulfed in blazing flames.
The orc sorcerer hits you with a +0 dagger.
* * * LOW HITPOINT WARNING * * *
The orc warrior hits you but does no damage.
The orc sorcerer shouts, "You can't withstand my power!"
The orc knight is engulfed in blazing flames.
The orc knight hits you with a +0 broad axe!!
You die...

....................#
o.o<...).))..)......#
.......)....)......##
...o.....).)).....##
...o....3........##
.......oo.........##
.......o44#........##
#....§o§o###........#
......o@o.#...#.#..##
.......)☼.....#....#
#.#..☼..§..........##
##................#
#.....#...##.....##
##.#.....#.....###
###...........#
#......#....##
#......#......#


You could see 3 orc knights, an orc high priest (strong), 2 orange demons, a
sixfirhy (summoned), 4 orc sorcerers, 2 orc warriors and an orc priest (strong).

Vanquished Creatures
  The ghost of Patrick2011 the Basher, a journeyman AtFi of Ru (D:10)
  A hydra (Lair:1)
  Erica (D:10)
  2 two-headed ogres (D:9)
  2 orc high priests
  2 manticores
  2 black mambas (Lair:1)
  A gargoyle (D:11)
  A rime drake (D:11)
  2 komodo dragons (Lair:1)
  A kobold demonologist (D:9)
  A queen bee (D:10)
  3 trolls
  A polar bear (D:11)
  3 hornets
  Sigmund (D:2)
  A wraith (D:11)
  3 shadows
  20 yaks
  4 wyverns
  A basilisk (Lair:1)
  Grum (D:10)
  A steam dragon (D:8)
  An acid dragon (D:11)
  7 water moccasins
  5 ice beasts
  13 orc warriors
  3 black bears
  5 ogres
  2 centaurs
  3 wolves
  5 kobold brigands
  5 bullfrogs
  2 scorpions
  A wight (D:9)
  17 killer bees
  8 howler monkeys
  A hound (D:6)
  5 jellies
  11 orc priests
  2 gnoll boudas
  4 sleepcaps
  5 iguanas (D:5)
  23 orc wizards
  10 gnolls
  7 adders
  3 ufetubi (D:5)
  5 worms
  A dart slug (D:3)
  79 orcs
  6 ball pythons
  13 endoplasms
  2 giant cockroaches
  10 goblins
  2 hobgoblins (D:4)
  29 kobolds
  4 quokkas
  7 bats
  2 frilled lizards (D:2)
  4 rats
  A butterfly (D:10)
369 creatures vanquished.

Vanquished Creatures (others)
  An orc wizard (D:9)
1 creature vanquished.

Grand Total: 370 creatures vanquished

Notes
Turn   | Place    | Note
-------+----------+-------------------------------------------
     0 | D:1      | premas the Minotaur Gladiator began the quest for the Orb.
     0 | D:1      | Reached XP level 1. HP: 18/18 MP: 0/0
    29 | D:1      | Found Ruimmekh's Assorted Antiques.
   325 | D:1      | Reached XP level 2. HP: 22/25 MP: 1/1
   970 | D:2      | Noticed Sigmund
   983 | D:2      | Found a faded altar of an unknown god.
  1018 | D:2      | Reached XP level 3. HP: 22/31 MP: 2/2
  1149 | D:2      | Killed Sigmund
  1150 | D:2      | Reached skill level 5 in Axes
  1150 | D:2      | Reached XP level 4. HP: 37/40 MP: 3/3
  1150 | D:2      | Reached XP level 5. HP: 43/46 MP: 4/4
  1333 | D:2      | Identified the +1 pair of boots of the Tortured Cockroach
                  | {Str+3 Dex+3 Slay+3}
  2083 | D:3      | Reached XP level 6. HP: 50/52 MP: 5/5
  2256 | D:3      | Found a stormy altar of Qazlal.
  2268 | D:3      | Became a worshipper of Qazlal Stormbringer
  2750 | D:4      | Identified the +11 mace of Jiabana {freeze, Int+5}
  2897 | D:4      | Reached skill level 1 in Stealth
  2934 | D:4      | Reached XP level 7. HP: 56/59 MP: 6/6
  3117 | D:5      | Entered Level 5 of the Dungeon
  3121 | D:5      | Found a staircase to the Ecumenical Temple.
  3185 | D:5      | Reached * piety under Qazlal
  3275 | D:5      | Reached skill level 1 in Maces & Flails
  3394 | D:5      | Reached skill level 2 in Maces & Flails
  3524 | D:5      | Reached skill level 3 in Maces & Flails
  3805 | D:5      | Reached skill level 5 in Fighting
  4041 | D:6      | Reached XP level 8. HP: 68/68 MP: 7/7
  4079 | D:6      | Reached skill level 4 in Maces & Flails
  4171 | D:6      | Reached skill level 5 in Maces & Flails
  4239 | D:6      | Identified the +7 sling of Earthquakes {flame, rF+ Str+2}
  4295 | D:6      | Reached skill level 6 in Maces & Flails
  4754 | D:7      | Reached ** piety under Qazlal
  4836 | D:7      | Reached skill level 7 in Maces & Flails
  4996 | D:7      | Found Pothroej's General Store.
  5019 | D:7      | Bought a scroll of identify for 30 gold pieces
  5019 | D:7      | Bought a scroll of identify for 30 gold pieces
  5057 | D:7      | Reached XP level 9. HP: 78/78 MP: 8/8
  5083 | D:7      | Reached skill level 8 in Maces & Flails
  5555 | D:8      | Reached skill level 9 in Maces & Flails
  5773 | D:8      | Reached skill level 5 in Armour
  5801 | D:8      | Reached skill level 5 in Dodging
  6002 | D:8      | Reached *** piety under Qazlal
  6117 | D:8      | Reached skill level 10 in Maces & Flails
  6261 | D:8      | Noticed a manticore
  6280 | D:8      | Reached XP level 10. HP: 48/88 MP: 9/9
  6300 | D:8      | Killed a manticore
  6301 | D:8      | Reached skill level 11 in Maces & Flails
  6515 | D:8      | Reached skill level 1 in Shields
  6533 | D:8      | Reached **** piety under Qazlal
  6688 | D:8      | Gained mutation: You are agile. (Dex +4, Str/Int -1)
                  | [potion of mutation]
  6688 | D:8      | Gained mutation: Your system is resistant to poisons.
                  | (rPois) [potion of mutation]
  6703 | D:8      | Identified the +1 leather armour "Neapol" {+Blink Regen+}
  6804 | D:9      | Noticed a two-headed ogre
  6821 | D:9      | Killed a two-headed ogre
  6881 | D:9      | Noticed a two-headed ogre
  6885 | D:9      | Killed a two-headed ogre
  6886 | D:9      | Reached skill level 12 in Maces & Flails
  7180 | D:9      | Reached XP level 11. HP: 85/97 MP: 10/10
  7568 | D:9      | Reached skill level 13 in Maces & Flails
  7673 | D:9      | Found an iron altar of Okawaru.
  7886 | D:10     | Entered Level 10 of the Dungeon
  7935 | D:10     | Noticed Erica
  7944 | D:10     | Killed Erica
  8138 | D:10     | Noticed Grum
  8144 | D:10     | Reached ***** piety under Qazlal
  8146 | D:10     | Killed Grum
  8304 | D:10     | Reached skill level 10 in Fighting
  8403 | D:10     | Found a transporter.
  8408 | D:10     | Found a transporter.
  8409 | D:10     | Noticed Patrick2011's ghost (journeyman AtFi)
  8441 | D:10     | Killed Patrick2011's ghost
  8442 | D:10     | Reached skill level 1 in Invocations
  8758 | D:10     | Found a white marble altar of Elyvilon.
  9014 | D:11     | Identified the +8 short sword "Killer Bee's Regret" {flame,
                  | MP+9 Int+3}
  9148 | D:11     | Reached skill level 14 in Maces & Flails
  9254 | D:11     | Found a staircase to the Orcish Mines.
  9338 | D:11     | Reached skill level 5 in Shields
  9435 | D:11     | Found a staircase to the Lair.
  9866 | D:11     | Reached XP level 12. HP: 96/110 MP: 11/11
 10144 | Lair:1   | Entered Level 1 of the Lair of Beasts
 10175 | Lair:1   | Noticed a four-headed hydra
 10187 | Lair:1   | Killed a four-headed hydra
 10367 | Lair:1   | Identified the +6 war axe of Ointment {flame, Will+ Int+2
                  | Dex-3}
 11000 | Orc:1    | Entered Level 1 of the Orcish Mines
 11050 | Orc:1    | Noticed an orc high priest
 11062 | Orc:1    | Killed an orc high priest
 11408 | Orc:2    | Entered Level 2 of the Orcish Mines
 11481 | Orc:2    | Noticed an orc high priest
 11482 | Orc:2    | Noticed an orc high priest
 11485 | Orc:2    | Killed an orc high priest
 11493 | Orc:2    | Paralysed by an orc sorcerer for 4 turns
 11495 | Orc:2    | Slain by an orc knight

Illustrated notes

Levels and vault maps discovered:
D:1:      heliophobic_arrival_glass_houses, layout_loops_corners, serial_shops,
          nicolae_shop_overgrown_old_shop, hangedman_decor_points,
          serial_bayou_lagoon_b
D:2:      layout_basic, shapermc_ecumenical_altar_venn,
          chequers_serial_rivers_micro_e, st_stairs_13,
          minmay_misc_feat_ornament, uniq_sigmund
D:3:      layout_rooms, mainiacjoe_overflow_boulevard
D:4:      layout_cave_pools, minivault_4, serial_bayou_pond_c
D:5:      layout_basic, temple_fountains
D:6:      layout_basic
D:7:      layout_basic, serial_shops, shop
D:8:      layout_rooms, special_room [special_room_orc], grunt_potential
D:9:      minmay_angry_zag, layout_basic, mainiacjoe_overflow_catwalk,
          serial_aquarium, aquarium_bridge_long_separate
          [aquarium_subvault_bridge, aquarium_subvault_wall,
          aquarium_subvault_window, aquarium_subvault_wall,
          aquarium_subvault_window, aquarium_subvault_bridge],
          aquarium_window_1, aquarium_window_2, aquarium_view_2f,
          aquarium_view_2c, aquarium_balcony_1b
D:10:     layout_cave_pools, nicolae_elyvilon_peaceful_grove,
          gammafunk_ghost_hive, uniq_grum, uniq_erica
D:11:     layout_cave_pods, hellmonk_lair_entry_icy, david_orc_3
Lair:1:   layout_regular_city, beast_lair_carwin_7, lemuel_fruit_tree
Orc:1:    layout_caves, lightli_church_of_beogh
Orc:2:    st_orc_elflike, layout_caves, lemuel_statue_altar

Skill      XL: |  1  2  3  4  5  6  7  8  9 10 11 12 |
---------------+-------------------------------------+-----
Axes           | 4 5 6 7 8 |  8.3
Fighting       | 3 4 5 6 7 9 11 12 | 12.2
Armour         | 2 3 4 5 6 |  6.1
Dodging        | 4 5 6 7 8 |  8.6
Stealth        | 1 2 3 4 |  4.0
Maces & Flails | 3 7 10 12 14 | 14.9
Shields        | 2 5 6 |  6.1
Invocations    | 1 2 |  2.1
Throwing       | |  2.6

Action                     |  1- 3 |  4- 6 |  7- 9 | 10-12 || total
---------------------------+-------+-------+-------+-------++-------
  Melee: War axe           |    48 |    65 |       |       ||   113
         Headbutt          |    11 |    15 |    21 |    61 ||   108
         Mace              |       |    17 |   181 |   305 ||   503
         Punch             |       |       |     4 |     3 ||     7
  Throw: Throwing net      |     3 |       |       |     3 ||     6
 Invoke: Upheaval          |       |       |     1 |     1 ||     2
    Use: Scroll            |     1 |     1 |     7 |     5 ||    14
         Potion            |       |       |     2 |     4 ||     6
 Armour: Leather armour    |    15 |    30 |    29 |     1 ||    75
         Steam dragon scal |       |       |       |    71 ||    71
  Dodge: Dodged            |    25 |    44 |    70 |   184 ||   323
         Repelled          |       |       |       |     1 ||     1
  Block: Other             |       |       |     6 |    67 ||    73
